 Dungeon Crawl Stone Soup version 0.19.1 (webtiles) character file.

20181 JGreham the Spear-Bearer (level 12, -6/111 (112) HPs)
             Began as a Minotaur Chaos Knight on Dec 26, 2016.
             Mangled by a titanic slime creature (116 damage)
             ... on level 13 of the Dungeon.
             The game lasted 00:48:44 (15321 turns).

JGreham the Spear-Bearer (Minotaur Chaos Knight)   Turns: 15321, Time: 00:48:45

HP:   -6/111 (112)  AC: 19    Str: 26    XL:     12   Next: 43%
MP:   11/11         EV: 13    Int: 12    God:    Xom [..*...]
Gold: 268           SH:  6    Dex: 13    Spells: 0 memorised, 11 levels left

rFire  . . .     SeeInvis .     w - +6 trident
rCold  + . .     Gourm    .     T - +5 ring mail {rN+}
rNeg   + . .     Faith    .     N - +1 buckler of the Moon {rPois Int+5}
rPois  +         Spirit   .     (helmet restricted)
rElec  .         Reflect  .     E - +0 cloak
rCorr  .         Harm     +     X - +0 pair of gloves {Str+3}
MR     +....                    m - +0 pair of boots
Stlth  +++.......               I - amulet of harm
                                F - ring of protection from cold
                                j - ring of protection from magic

@: no status effects
A: retaliatory headbutt, horns 2, talons 1, repulsion field 1, slimy green
scales 1, agile 1, blurry vision 3, dopey 1, sense surroundings 1, strong 1
a: Renounce Religion


You were on level 13 of the Dungeon.
You worshipped Xom.
You were a toy of Xom.
You were very full.

You visited 3 branches of the dungeon, and saw 15 of its levels.
You also visited: Ossuary.

You collected 960 gold pieces.
You spent 692 gold pieces at shops.

Inventory:

Hand Weapons
 a - a +2 spear of chaos
 g - the +4 Vampire's Tooth {vamp}
   (You found it on level 6 of the Dungeon)

   It inflicts no extra harm, but heals its wielder when it wounds a living foe.
 w - a +6 trident (weapon)
 y - a +2 longbow of freezing
 S - a +0 hand axe of electrocution
Armour
 m - a +0 pair of boots (worn)
 E - a +0 cloak (worn)
 N - the +1 buckler of the Moon (worn) {rPois Int+5}
   (You took it off a crimson imp on level 10 of the Dungeon)

   It affects your intelligence (+5).
   It protects you from poison.
 T - a +5 ring mail of positive energy (worn)
 V - a +0 scale mail of poison resistance
 X - a +0 pair of gloves of strength (worn)
Jewellery
 j - a ring of protection from magic (left hand)
 B - an uncursed ring of resist corrosion
 F - a ring of protection from cold (right hand)
 I - an amulet of harm (around neck)
Wands
 b - a wand of disintegration (5/24)
 p - a wand of random effects (26/48)
 v - a wand of lightning (7/15)
 C - a wand of flame (39/48)
 L - a wand of lightning (8/15)
 M - a wand of flame (25/48)
 O - a wand of flame (27/48)
 U - a wand of lightning (6/15)
Scrolls
 h - 4 scrolls of teleportation
 k - 4 scrolls of amnesia
 l - 10 scrolls of remove curse
 o - a scroll of recharging
 z - a scroll of identify
Potions
 d - 10 potions of curing
 e - 2 potions of resistance
 f - a potion of cancellation {unknown}
 i - a potion of invisibility {unknown}
 n - 2 potions of might
 q - 2 potions of brilliance
 r - 2 potions of cure mutation
 s - a potion of agility {unknown}
 t - a potion of degeneration {unknown}
 x - a potion of magic {unknown}
 A - a potion of beneficial mutation {unknown}
 D - a potion of lignification {unknown}
 G - a potion of heal wounds
 J - a potion of ambrosia {unknown}
Books
 u - a book of Changes

   Spells                             Type                      Level
   a - Beastly Appendage              Transmutation                1
   b - Sticks to Snakes               Transmutation                2
   c - Spider Form                    Transmutation/Poison         3
   d - Ice Form                       Ice/Transmutation            4
   e - Blade Hands                    Transmutation                5
 K - a book of Battle

   Spells                             Type                      Level
   a - Infusion                       Charms                       1
   b - Shroud of Golubria             Charms/Translocation         2
   c - Song of Slaying                Charms                       2
   d - Spectral Weapon                Hexes/Charms                 3
   e - Regeneration                   Charms/Necromancy            3
 P - a book of Enchantments

   Spells                             Type                      Level
   a - Cause Fear                     Hexes                        4
   b - Yara's Violent Unravelling     Hexes/Transmutation          5
   c - Silence                        Hexes/Air                    5
   d - Deflect Missiles               Charms/Air                   6
   e - Discord                        Hexes                        8
Comestibles
 c - 4 bread rations
 R - 2 slices of pizza


   Skills:
 + Level 12.1 Fighting
 + Level 14.6 Polearms
 + Level 11.5 Armour
 - Level 1.2 Dodging
 - Level 8.0 Stealth
 + Level 4.4 Shields
 + Level 0.5 Evocations


You had 11 spell levels left.
You didn't know any spells.

Dungeon Overview and Level Annotations

Branches:
Dungeon (13/15)            Temple (1/1) D:6            Lair (0/6) D:8
    Orc (1/2) D:12
 Vaults: D:13-14

Altars:
Ashenzari
Dithmenos
Gozag
Hepliaklqana
Nemelex Xobeh
Qazlal
Trog
Vehumet
Xom
Yredelemnul
The Shining One
Beogh

Shops:
D:8 [   D:10 ?   D:11 [


Innate Abilities, Weirdness & Mutations

You reflexively headbutt those who attack you in melee.
You have a pair of horns on your head.
You have sharp toenails.
You are surrounded by a mild repulsion field. (EV +2)
You are partially covered in slimy green scales. (AC +2)
You are agile. (Dex +2)
Scrolls take you much longer to read.
You are dopey. (Int -2)
You passively map a small area around you.
Your muscles are strong. (Str +2)


Message History

The very large slime creature misses you.
You puncture the very large slime creature!
The very large slime creature is moderately wounded.
Two slime creatures merge to form an enormous slime creature.
You hit the enormous slime creature.
You headbutt the enormous slime creature!
The enormous slime creature is moderately wounded.
Two slime creatures merge to form a titanic slime creature.
You hit the titanic slime creature.
You headbutt the titanic slime creature!!
The titanic slime creature is moderately wounded.
You hit the titanic slime creature.
The titanic slime creature is moderately wounded.
You puncture the titanic slime creature!
You headbutt the titanic slime creature.
The titanic slime creature is moderately wounded.
The titanic slime creature hits you!!!!
Ouch! That really hurt!
You die...
Xom titters!

, #....# * *##....##
, ......# ,..JJ.# ,
.. , ,..J.# ##... ,
... , ...... #J#
*#+#.#.#.# #. #@#
#.#...#.###. #.#
##......... .
#.####).).....# #
#.......###.#.####
#.###...[.........
####.###<.###....###.
#........<# #.##.....
####.###..###.##.....
#..........##.....


You could see a titanic slime creature and 3 slime creatures.

Vanquished Creatures
  Harold (D:11)
  3 centaur warriors (D:13)
  The ghost of SirSavien the Cleaver, a novice FoFi of Gozag (D:9)
  The ghost of ImaNewbie the Zephyrmancer, a novice HEAE of Vehumet (D:10)
  2 hill giants
  Pikel (D:9)
  2 ugly things
  A manticore (D:11)
  A cyclops (D:13)
  Joseph (D:9)
  A gargoyle (D:13)
  A kobold demonologist (D:11)
  3 trolls
  2 hippogriffs
  A shadow (D:12)
  20 yaks
  A vampire (D:12)
  3 wraiths
  2 hungry ghosts
  A steam dragon (D:10)
  A mottled dragon (D:10)
  A warg (shapeshifter) (D:8)
  A soldier ant (D:13)
  7 orc warriors
  2 eyes of draining
  2 phantoms
  The ghost of JGreham the Chopper, an amateur MiCK of Nemelex Xobeh (D:3)
  3 ice beasts
  5 sky beasts
  2 necrophages
  A black bear (D:7)
  5 ogres
  7 centaurs
  5 big kobolds
  4 bullfrogs
  A wyvern skeleton (D:13)
  A water moccasin zombie (D:11)
  3 scorpions
  8 wights
  A vampire bat (D:6)
  6 howler monkeys
  A bullfrog zombie (D:13)
  4 crimson imps
  2 quasits
  3 centaur zombies
  7 orc priests
  3 bullfrog skeletons
  8 hounds
  3 human zombies (Ossuary)
  5 jellies
  4 iguanas
  9 orc wizards
  6 worker ants
  2 mummies (Ossuary)
  10 adders
  4 shadow imps
  An ooze (D:3)
  4 adder zombies
  An adder skeleton (D:5)
  2 worms
  4 dart slugs
  6 leopard geckos
  58 orcs
  4 ball pythons
  12 bats
  A giant cockroach (shapeshifter) (D:1)
  5 giant cockroaches
  2 goblins
  7 hobgoblins
  20 jackals
  5 quokkas
  4 frilled lizards
  6 hobgoblin zombies (Ossuary)
  2 jackal zombies (Ossuary)
  29 kobolds
  10 kobold zombies (Ossuary)
  10 orc zombies (Ossuary)
  A quokka skeleton (D:4)
  5 rats
  2 rat zombies (Ossuary)
  A spectral orc (D:3)
389 creatures vanquished.

Vanquished Creatures (collateral kills)
  An ugly thing (D:11)
  A hippogriff (D:7)
  A leopard gecko (D:4)
  An orc (D:8)
4 creatures vanquished.

Vanquished Creatures (others)
  A polar bear (D:11)
  A vampire bat (D:6)
2 creatures vanquished.

Grand Total: 395 creatures vanquished

Notes
Turn   | Place    | Note
-------+----------+-------------------------------------------
     0 | D:1      | JGreham the Minotaur Chaos Knight began the quest for the Orb.
     0 | D:1      | Reached XP level 1. HP: 19/19 MP: 0/0
   179 | D:1      | Reached skill level 4 in Polearms
   182 | D:1      | Reached XP level 2. HP: 27/27 MP: 1/1
   256 | D:1      | XOM: potion effect (haste)
   601 | D:2      | XOM: silly message
   603 | D:2      | XOM: potion effect (invisibility)
   605 | D:2      | Reached XP level 3. HP: 29/33 MP: 2/2
   640 | D:2      | XOM: harmless Hex miscast
   768 | D:2      | XOM: divination: detect creatures
   860 | D:2      | XOM: mild Necr miscast
   946 | D:2      | Reached XP level 4. HP: 27/41 MP: 3/3
  1520 | D:3      | Reached skill level 5 in Polearms
  1577 | D:3      | Found a shattered altar of Ashenzari.
  1663 | D:3      | XOM: harmless Erth miscast
  1896 | D:3      | Found a shadowy altar of Dithmenos.
  1913 | D:3      | Found a basalt altar of Yredelemnul.
  1998 | D:3      | Noticed JGreham's ghost (amateur MiCK)
  1998 | D:3      | XOM: potion effect (agility)
  2007 | D:3      | XOM: potion effect (heal wounds)
  2014 | D:3      | XOM: potion effect (agility)
  2016 | D:3      | Killed JGreham's ghost
  2016 | D:3      | Reached skill level 5 in Fighting
  2016 | D:3      | Reached skill level 1 in Stealth
  2016 | D:3      | Reached XP level 5. HP: 39/48 MP: 4/4
  2641 | D:4      | Reached XP level 6. HP: 56/56 MP: 5/5
  2653 | D:4      | XOM: confuse monster(s)
  2657 | D:4      | XOM: cast spell 'Call Canine Familiar'
  2660 | D:4      | Reached skill level 6 in Polearms
  2959 | D:4      | Found a glowing golden altar of the Shining One.
  3073 | D:4      | XOM: harmless Conj miscast
  3090 | D:4      | XOM: cast spell 'Summon Butterflies'
  3094 | D:4      | Reached skill level 5 in Armour
  3144 | D:4      | Reached XP level 7. HP: 35/61 MP: 6/6
  3819 | D:5      | Entered Level 5 of the Dungeon
  3942 | D:5      | Reached skill level 7 in Polearms
  3948 | D:5      | Found a sparkling altar of Nemelex Xobeh.
  4038 | D:5      | XOM: give mutation
  4038 | D:5      | Gained mutation: Scrolls take you a little longer to read. [Xom's mischief]
  4260 | D:5      | XOM: give mutation
  4260 | D:5      | Gained mutation: Your muscles are strong. (Str +2) [Xom's grace]
  4416 | D:5      | Found a radiant altar of Vehumet.
  4528 | D:5      | XOM: scenery: 1 doors open, 1 doors close
  4601 | D:5      | XOM: give mutations
  4601 | D:5      | Gained mutation: You are surrounded by a mild repulsion field. (EV +2) [Xom's grace]
  4601 | D:5      | Gained mutation: You have sharp toenails. [Xom's grace]
  4698 | D:6      | Found a staircase to the Ecumenical Temple.
  4723 | Temple   | Entered the Ecumenical Temple
  4747 | D:6      | XOM: god gift: 14 gold pieces
  4757 | D:6      | XOM: harmless Summ miscast
  4800 | D:6      | XOM: harmless Tmut miscast
  4891 | D:6      | XOM: enchant monster (good)
  4900 | D:6      | Reached XP level 8. HP: 61/70 MP: 7/7
  4968 | D:6      | Found a bloodstained altar of Trog.
  5103 | D:6      | XOM: smoke on damage
  5172 | D:6      | XOM: destruction
  5237 | D:6      | XOM: divination: detect items
  5313 | D:6      | XOM: god gift: ring mail {god gift}
  5533 | D:6      | Reached skill level 8 in Polearms
  5633 | D:6      | XOM: harmless Tmut miscast
  5751 | D:7      | XOM: divination: detect creatures
  5871 | D:7      | Found an opulent altar of Gozag.
  6248 | D:7      | XOM: swap monsters
  6424 | D:7      | XOM: give mutations
  6424 | D:7      | Gained mutation: Scrolls take you longer to read. [Xom's mischief]
  6424 | D:7      | Gained mutation: You are dopey. (Int -2) [Xom's mischief]
  6427 | D:7      | XOM: give mutations
  6427 | D:7      | Gained mutation: You passively map a small area around you. [Xom's grace]
  6427 | D:7      | Gained mutation: You are partially covered in slimy green scales. (AC +2) [Xom's grace]
  6498 | D:7      | Noticed a hippogriff
  6502 | D:7      | XOM: smoke on damage
  6507 | D:7      | XOM: summons 8 friendly demons
  6509 | D:7      | Killed a hippogriff
  6509 | D:7      | Reached skill level 9 in Polearms
  6728 | D:7      | Reached XP level 9. HP: 78/78 MP: 8/8
  7045 | D:8      | XOM: scenery: create altars
  7110 | D:8      | Found a sand-covered staircase.
  7115 | Ossuary  | Entered an ossuary
  7334 | Ossuary  | XOM: divination: detect creatures
  7579 | D:8      | Reached skill level 5 in Stealth
  7653 | D:8      | XOM: 2-stop teleportation journey
  7680 | D:8      | Found a staircase to the Lair.
  7725 | D:8      | Found a stormy altar of Qazlal.
  7813 | D:8      | Found a hazy altar of Hepliaklqana.
  7834 | D:8      | Found a sparkling altar of Nemelex Xobeh.
  7867 | D:8      | Found Neklounk's Armour Boutique.
  7931 | D:8      | Noticed Maurice
  7941 | D:8      | Maurice changed into Maurice the warg
  8081 | D:9      | Noticed SirSavien's ghost (novice FoFi)
  8091 | D:9      | XOM: scenery: create altars
  8129 | D:9      | XOM: scenery: 2 doors open
  8336 | D:9      | Reached skill level 10 in Polearms
  8357 | D:9      | XOM: confuse monster(s)
  8360 | D:9      | XOM: enchant monster (good)
  8366 | D:9      | XOM: god gift: 34 gold pieces
  8379 | D:9      | XOM: divination: detect items
  8389 | D:9      | Killed SirSavien's ghost
  8762 | D:9      | Noticed Joseph
  8776 | D:9      | XOM: potion effect (haste)
  8782 | D:9      | Killed Joseph
  8782 | D:9      | Reached skill level 11 in Polearms
  8782 | D:9      | Reached XP level 10. HP: 83/88 MP: 9/9
  8803 | D:9      | XOM: enchant monster (bad)
  8876 | D:9      | XOM: medium Necr miscast
  8948 | D:9      | Noticed Pikel
  8957 | D:9      | XOM: swap monsters
  8963 | D:9      | Killed Pikel
  9012 | D:9      | XOM: 9-stop teleportation journey
  9170 | D:9      | XOM: harmless Conj miscast
  9466 | D:9      | XOM: cast spell 'Chain of Chaos'
  9604 | D:10     | Entered Level 10 of the Dungeon
  9623 | D:10     | XOM: noise
  9777 | D:10     | Reached skill level 12 in Polearms
 10043 | D:10     | Noticed a hill giant
 10052 | D:10     | Killed a hill giant
 10091 | D:10     | XOM: summons 5 hostile demons
 10460 | D:10     | XOM: mild Necr miscast
 10477 | D:10     | Noticed ImaNewbie's ghost (novice HEAE)
 10479 | D:10     | XOM: swap monsters
 10491 | D:10     | Found Zaewosul's Magic Scroll Boutique.
 10496 | D:10     | XOM: repel stairs
 10514 | D:10     | Killed ImaNewbie's ghost
 10608 | D:10     | Got a heavily runed buckler
 10614 | D:10     | Identified the +1 buckler of the Moon {rPois Int+5} (You took it off a crimson imp on level 10 of the Dungeon)
 10640 | D:10     | XOM: blink monster(s)
 10692 | D:10     | XOM: medium Hex miscast
 10711 | D:10     | Reached XP level 11. HP: 65/96 MP: 10/10
 10717 | D:10     | XOM: confusion
 10722 | D:10     | XOM: swap monsters
 10725 | D:10     | XOM: enchant monster (bad)
 10938 | D:10     | Reached skill level 1 in Shields
 11006 | D:10     | XOM: blink monster(s)
 11009 | D:10     | XOM: give mutation
 11009 | D:10     | Gained mutation: Scrolls take you much longer to read. [Xom's mischief]
 11202 | D:10     | XOM: silly message
 11413 | D:10     | Bought a scroll of remove curse for 48 gold pieces
 11413 | D:10     | Bought 3 scrolls of enchant weapon for 360 gold pieces
 11413 | D:10     | Bought a scroll of identify for 32 gold pieces
 11425 | D:11     | Found a glowing golden altar of the Shining One.
 11432 | D:11     | XOM: mild Fire miscast
 11439 | D:11     | XOM: enchant monster (good)
 11450 | D:11     | XOM: cast spell 'Dispersal'
 11499 | D:11     | XOM: scenery: create altars
 11526 | D:11     | Noticed a purple ugly thing
 11543 | D:11     | Killed a purple ugly thing
 11674 | D:11     | XOM: stat loss: -1 Dex (9/10)
 11746 | D:11     | Noticed Snorg
 11757 | D:11     | Noticed Snorg
 11757 | D:11     | Snorg changed into Snorg the polar bear
 11757 | D:11     | XOM: polymorph Snorg -> Snorg the polar bear
 11759 | D:11     | XOM: summons friendly ufetubus
 11765 | D:11     | Banished Snorg the polar bear
 11765 | D:11     | Reached skill level 10 in Armour
 11786 | D:11     | XOM: give mutation
 11786 | D:11     | Gained mutation: You are agile. (Dex +2) [Xom's grace]
 11811 | D:11     | XOM: 3-stop teleportation journey
 11902 | D:11     | XOM: polymorph ufetubus -> white imp
 11939 | D:11     | Reached skill level 10 in Fighting
 12070 | D:11     | XOM: 1-stop teleportation journey
 12079 | D:11     | Noticed Harold
 12090 | D:11     | XOM: cast spell 'Summon Small Mammal'
 12111 | D:11     | Killed Harold
 12217 | D:11     | XOM: summons 1 hostile shadow creature
 12354 | D:11     | Reached skill level 13 in Polearms
 12446 | D:11     | XOM: harmless Fire miscast
 12706 | D:11     | Found Unocuo Pepn's Antique Armour Shoppe.
 12997 | D:11     | Noticed a red ugly thing
 13003 | D:11     | XOM: summons 10 friendly demons
 13011 | D:11     | Killed a red ugly thing
 13260 | D:12     | Found a staircase to the Orcish Mines.
 13268 | D:12     | XOM: confusion (+ monsters)
 13286 | D:12     | XOM: polymorph orc -> ball python
 13341 | D:12     | Found a roughly hewn altar of Beogh.
 13374 | Orc:1    | Entered Level 1 of the Orcish Mines
 13516 | D:11     | Bought a pair of embroidered gloves for 252 gold pieces
 13703 | D:12     | XOM: cloud trail
 13760 | D:12     | XOM: scenery: 2 doors open
 14077 | D:12     | XOM: summons 3 friendly demons
 14271 | D:12     | Reached XP level 12. HP: 86/109 MP: 7/11
 14712 | D:12     | XOM: summons 2 hostile shadow creatures
 14799 | D:13     | Noticed a centaur warrior
 14807 | D:13     | XOM: summons friendly ufetubus
 14812 | D:13     | XOM: noise
 14813 | D:13     | Killed a centaur warrior
 14827 | D:13     | XOM: god gift: 6 needles of sleeping
 14832 | D:13     | Noticed a centaur warrior
 14837 | D:13     | XOM: cast spell 'Monstrous Menagerie'
 14840 | D:13     | Killed a centaur warrior
 14840 | D:13     | Reached skill level 14 in Polearms
 14844 | D:13     | Noticed a centaur warrior
 14856 | D:13     | Killed a centaur warrior
 15040 | D:13     | XOM: harmless Conj miscast
 15129 | D:13     | XOM: enchant monster (bad)
 15288 | D:13     | XOM: cast spell 'Cause Fear'
 15321 | D:13     | Mangled by a titanic slime creature

Skill      XL: |  1  2  3  4  5  6  7  8  9 10 11 12 |
---------------+-------------------------------------+-----
Polearms       | 4 5 6 7 9 11 12 13 14 | 14.6
Fighting       | 4 5 6 7 9 11 12 | 12.1
Armour         | 3 4 5 6 7 8 9 11 | 11.5
Stealth        | 1 2 3 4 6 8 |  8.0
Shields        | 3 4 |  4.4
Dodging        | |  1.2
Evocations     | |  0.5

Action                   |  1- 3 |  4- 6 |  7- 9 | 10-12 || total
-------------------------+-------+-------+-------+-------++-------
Melee: Spear             |   106 |   155 |   513 |   591 ||  1365
       Headbutt          |    13 |    18 |    93 |   177 ||   301
       Trident           |       |       |       |   261 ||   261
Evoke: Wand              |       |       |     2 |     1 ||     3
  Use: Scroll            |     5 |     5 |    13 |    12 ||    35
       Potion            |       |       |       |     4 ||     4
 Stab: Invisible         |     2 |       |       |       ||     2
       Paralysed         |     1 |     1 |     6 |    23 ||    31
       Confused          |     1 |       |     6 |     7 ||    14
       Petrifying        |       |     1 |     2 |     3 ||     6
       Petrified         |       |       |     9 |     4 ||    13
       Sleeping          |       |       |    10 |    11 ||    21
       Distracted        |       |       |       |     8 ||     8
  Eat: Meat ration       |       |     1 |       |       ||     1
       Bread ration      |       |     1 |     4 |     5 ||    10
       Beef jerky        |       |       |     2 |     6 ||     8
       Royal jelly       |       |       |     1 |       ||     1
       Pizza             |       |       |       |     1 ||     1
Armor: Ring mail         |    19 |    27 |   108 |   244 ||   398
       Leather armour    |     1 |       |       |       ||     1
Dodge: Dodged            |    30 |    49 |   152 |   220 ||   451
Block: Buckler           |       |       |       |    66 ||    66
